Cogmind - Beta 15 @@@ ROGUE MODE // 2025.07.20 @ 12:54:15 // Winter2019/RPGLIKE Player: Luminiferous Result: Self-destructed Performance ------------- Evolutions (2) 1000 Regions Visited (3) 600 Robots Destroyed (9) 45 Value Destroyed (97) 97 Prototype IDs (0) 0 Alien Tech Used (0) 0 Bonus (0) 0 TOTAL SCORE: 1742 Bonus ------- None Cogmind --------- Core Integrity 174/600 Matter 38/300 Energy 99/100 System Corruption 0% Temperature Cool (0) Movement Core (50) Location -8/Materials Parts ------- > --- POWER (1) -------- (None) > --- PROPULSION (1) --- (None) > --- UTILITY (1) ------ (None) > --- WEAPON (2) ------- (None) > --- INVENTORY (0) ---- (None) Peak State ------------ > --- POWER ------------ (None) > --- PROPULSION ------- (None) > --- UTILITY ---------- (None) > --- WEAPON ----------- Grenade Launcher > --- INVENTORY -------- (None) [Rating: 1] Favorites ----------- Power None Propulsion None Utility None Weapon Grenade Launcher Launcher Grenade Launcher Build | -11 -10 -9 -8 ------- Run | Yrd Mat Mat Mat Slots Evolved 1 | . 1 . . Power . | . . . . Propulsion . | . . . . Utility . | . . . . Weapon 1 | . 1 . . Parts Attached 1 | . 1 . . Power . | . . . . Engine . | . . . . Core . | . . . . Reactor . | . . . . Propulsion . | . . . . Treads . | . . . . Leg . | . . . . Wheel . | . . . . Hover . | . . . . Flight . | . . . . Utility . | . . . . Device . | . . . . Storage . | . . . . Processor . | . . . . Hackware . | . . . . Protection . | . . . . Artifact . | . . . . Weapon 1 | . 1 . . Energy Gun . | . . . . Energy Cannon . | . . . . Ballistic Gun . | . . . . Ballistic Cannon . | . . . . Launcher 1 | . 1 . . Special Weapon . | . . . . Impact Weapon . | . . . . Slashing Weapon . | . . . . Piercing Weapon . | . . . . Special Melee Weapon . | . . . . Unidentified Prototypes . | . . . . Parts Lost 1 | . . . 1 Power . | . . . . Propulsion . | . . . . Utility . | . . . . Weapon 1 | . . . 1 Highest Loss Streak 1 | . . . 1 To Critical Strikes . | . . . . Average Backups . | . . . . Power . | . . . . Propulsion . | . . . . Utility . | . . . . Weapon . | . . . . Tool/Special . | . . . . Unused Backups . | . . . . Power . | . . . . Propulsion . | . . . . Utility . | . . . . Weapon . | . . . . Tool/Special . | . . . . Average Slot Usage (%) 13 | . 13 17 10 Launcher 13 | . 13 17 10 Peak Build Rating 1 | . 1 1 1 Average Rating . | . . . . On Entrance . | . . 1 1 Naked Turns 66 | . 13 4 49 Heaviest Build 3 | . 3 3 3 Greatest Support 3 | 3 3 3 3 Greatest Overweight (x) . | . . . . Average Overweight (x) . | . . . . Largest Inventory Capacity . | . . . . Average Capacity . | . . . . Most Carried . | . . . . Average Carried . | . . . . Final Capacity . | . . . . Final Carried . | . . . . Class Distribution -------------------- 91% | Hacker-Mutant 8% | Mutant Dominant Class ---------------- Hacker-Mutant | -10/Materials Hacker-Mutant | -9/Materials Hacker-Mutant | -8/Materials Resources | -11 -10 -9 -8 ----------- Run | Yrd Mat Mat Mat Matter Collected 14 | . 13 1 . Remotely . | . . . . Salvage Created 52 | . 7 45 . Parts 15 | . 2 13 . Haulers Intercepted . | . . . . Recyclers Shooed . | . . . . Parts Field Recycled . | . . . . Retrieved Matter . | . . . . Parts Self-Destructed . | . . . . Prevented . | . . . . Kills | -11 -10 -9 -8 ------- Run | Yrd Mat Mat Mat Combat Hostiles Destroyed 8 | . 1 7 . AOE 8 | . 1 7 . Classes Destroyed 2 | . 1 1 . Tunneler 1 | . . 1 . Swarmer 8 | . 1 7 . Best Kill Streak 8 | . 1 8 . Combat Bots Only 7 | . 1 7 . Max Kills in Single Turn 3 | . 1 3 . Gunslinging . | . . . . Exploded 3 | . 1 3 . Melee . | . . . . Uniques/NPCs Destroyed . | . . . . Combat | -11 -10 -9 -8 -------- Run | Yrd Mat Mat Mat Hostile Shots Fired 71 | . 3 26 42 Missed 27 | . 2 9 16 Hits 44 | . 1 17 26 Projectile 44 | . 1 17 26 Damage Taken 466 | . 6 141 319 Core 430 | . 4 113 313 Absorbed by Shields . | . . . . Redirected to Core 106 | . 4 80 22 Core Remaining (%) 93 | 100 100 81 . Volleys Fired 7 | . 1 4 2 Largest 1 | . 1 1 1 Hottest 30 | . 30 30 30 Shots Fired 7 | . 1 4 2 Gun . | . . . . Cannon . | . . . . Launcher 7 | . 1 4 2 Special . | . . . . Kinetic . | . . . . Thermal . | . . . . Explosive 7 | . 1 4 2 Electromagnetic . | . . . . Robot Hit Streak 1 | . . 1 . Robot Miss Streak . | . . . . Penetration Max . | . . . . Secondary Targets . | . . . . Shots Hit Robots 1 | . . 1 . Core Hits 11 | . 3 8 . Critical Kills . | . . . . Critical Parts Destroyed . | . . . . Critical Strikes . | . . . . Melee Attacks . | . . . . Impact . | . . . . Slashing . | . . . . Piercing . | . . . . Sneak Attacks . | . . . . Combat Hostiles . | . . . . Follow-up Attacks . | . . . . Damage Inflicted 463 | . 49 378 36 Guns . | . . . . Cannons . | . . . . Explosions 427 | . 49 378 . Melee . | . . . . Ramming 36 | . . . 36 Kinetic . | . . . . Thermal . | . . . . Explosive 427 | . 49 378 . Electromagnetic . | . . . . Impact . | . . . . Slashing . | . . . . Piercing . | . . . . Highest Corruption . | . . . . Average Corruption . | . . . . Corruption Purged . | . . . . Corruption Blocked . | . . . . Overload Shots . | . . . . Overflow Damage 25 | . . 25 . Projectiles . | . . . . Explosions 25 | . . 25 . Melee . | . . . . Knockbacks . | . . . . Impact . | . . . . Kinetic . | . . . . Secondary . | . . . . Self-Inflicted Damage 15 | . . . 15 Shots . | . . . . Rammed 10 | . . . 10 Targets Rammed 10 | . . . 10 Kicked . | . . . . Crushed . | . . . . Highest Temperature 11 | . . . 11 Average Temperature 11 | . . . 11 Received Heat Transfer 87 | . . 24 63 Siege Activations . | . . . . Martial Activations . | . . . . Shielding Activations . | . . . . Robots Disrupted . | . . . . Combat Hostiles . | . . . . Robots Corrupted . | . . . . Combat Hostiles . | . . . . Parts Fried . | . . . . Impact Corruptions . | . . . . Robots Melted . | . . . . Combat Hostiles . | . . . . Parts Melted . | . . . . Heat Transferred . | . . . . Parts Sabotaged . | . . . . Parts Stolen . | . . . . Parts Stripped . | . . . . Power Chain Reactions . | . . . . Alert | -11 -10 -9 -8 ------- Run | Yrd Mat Mat Mat Maximum Alert Level 1 | . . . 1 Low Security (%) 97 | 100 100 100 92 Level 1 2 | . . . 7 Level 2 . | . . . . Level 3 . | . . . . Level 4 . | . . . . Level 5 . | . . . . High Security . | . . . . Max Security . | . . . . Peak Influence 260 | . 47 176 260 Initial 74 | . . 15 74 Average 56 | . 18 29 105 Influence Increases 476 | . 47 193 236 Destroy 0b10 Robot/C 160 | . 20 140 . Destroy 0b10 Robot/NC 5 | . . 5 . Destroy Leader 30 | . 10 20 . Successful Hack 20 | . 7 7 6 Disable Machine 15 | . . . 15 Destroy Structure 36 | . 10 21 5 Lose Combat Pursuer 210 | . . . 210 Influence Decreases 216 | . 10 54 152 Entered New Map 124 | . . 22 102 Time Decay 82 | . 10 32 40 Lost Part 10 | . . . 10 Squads Dispatched 3 | . . . 3 Investigation 1 | . . . 1 Extermination . | . . . . Reinforcement 2 | . . . 2 Assault . | . . . . Garrison . | . . . . Intercept . | . . . . Searches Triggered . | . . . . Construction Impeded . | . . . . Haulers Reinforced . | . . . . Active Scanning Responses . | . . . . Cargo Convoy Interrupts . | . . . . Stealth | -11 -10 -9 -8 --------- Run | Yrd Mat Mat Mat Distress Signals 2 | . . 1 1 Communications Jammed . | . . . . Distress Signals . | . . . . Times Spotted 34 | . 3 13 18 Peak Tracking Total 20 | . 1 8 20 Tactical Retreats 3 | . . . 3 Traps | -11 -10 -9 -8 ------- Run | Yrd Mat Mat Mat Traps Triggered 4 | . . 4 . Indirectly . | . . . . Trap Hack Attempts . | . . . . Triggered . | . . . . Disarmed . | . . . . Reprogrammed . | . . . . Reused . | . . . . Traps Extracted . | . . . . Installed . | . . . . Triggered . | . . . . Machines | -11 -10 -9 -8 ---------- Run | Yrd Mat Mat Mat Machines Disabled 1 | . . . 1 Max in Single Turn 1 | . . . 1 Machines Repaired . | . . . . Machines Dismantled . | . . . . Machines Sabotaged . | . . . . Overloaded Fab Kills . | . . . . Hacking | -11 -10 -9 -8 --------- Run | Yrd Mat Mat Mat Machines Accessed 4 | . 1 2 1 Terminals 4 | . 1 2 1 Fabricators . | . . . . Repair Stations . | . . . . Recycling Units . | . . . . Scanalyzers . | . . . . Garrison Access . | . . . . Total Hacks 11 | . 1 6 4 Successful 4 | . 1 2 1 Failed 7 | . . 4 3 Catastrophic 3 | . . 2 1 Database Lockouts . | . . . . Manual 11 | . 1 6 4 Terminals 11 | . 1 6 4 Fabricators . | . . . . Repair Stations . | . . . . Recycling Units . | . . . . Scanalyzers . | . . . . Garrison Access . | . . . . Terminal Hacks 3 | . 1 1 1 Level Access Points 3 | . 1 1 1 Fabricator Hacks . | . . . . Repair Station Hacks . | . . . . Recycling Unit Hacks . | . . . . Scanalyzer . | . . . . Garrison Access Hacks . | . . . . Unauthorized Hacks 1 | . . 1 . Terminals 1 | . . 1 . Assimilate 1 | . . 1 . Fabricators . | . . . . Repair Stations . | . . . . Recycling Units . | . . . . Scanalyzers . | . . . . Garrison Access . | . . . . Data Cores Recovered . | . . . . Used . | . . . . Hacking Detections 3 | . . 2 1 Full Trace Events 2 | . . 1 1 Feedback Events . | . . . . Feedback Blocked . | . . . . Robot Schematics Acquired . | . . . . Robots Built . | . . . . Authchips . | . . . . Time . | . . . . Total Robot Build Rating . | . . . . Part Schematics Acquired . | . . . . Parts Built . | . . . . Authchips . | . . . . Time . | . . . . Total Part Build Rating . | . . . . Parts Repaired . | . . . . Time . | . . . . Parts Recycled . | . . . . Recycled Matter . | . . . . Retrieved Matter . | . . . . Retrieved Components . | . . . . Parts Scanalyzed . | . . . . Part Schematics Acquired . | . . . . Parts Damaged . | . . . . Bothacking | -11 -10 -9 -8 ------------ Run | Yrd Mat Mat Mat Used RIF Installer . | . . . . Robots Hacked . | . . . . Non-combat . | . . . . Combat . | . . . . Robot Hacks Applied . | . . . . Relay Couplers Released . | . . . . Fabnet Peak Effective % . | . . . . Robots Rewired . | . . . . Allies Hacked . | . . . . Hacks Repelled . | . . . . Allies | -11 -10 -9 -8 -------- Run | Yrd Mat Mat Mat Total Allies . | . . . . Largest Group . | . . . . Highest-Rated Group . | . . . . Highest-Rated Ally . | . . . . Total Orders . | . . . . Ally Attacks . | . . . . Total Damage . | . . . . Kills . | . . . . Allies Corrupted . | . . . . Allies Melted . | . . . . Intel | -11 -10 -9 -8 ------- Run | Yrd Mat Mat Mat Active Infowar (turns) . | . . . . Robot Analysis Total . | . . . . Derelict Logs Recovered . | . . . . Drone Launches . | . . . . Drone Recoveries . | . . . . Exploration | -11 -10 -9 -8 ------------- Run | Yrd Mat Mat Mat Turns Passed 243 | 10 48 88 97 Spaces Moved 414 | 19 86 150 159 Core 414 | 19 86 150 159 Treads . | . . . . Legs . | . . . . Wheels . | . . . . Hover . | . . . . Flight . | . . . . Fastest Speed 50 | 50 50 50 50 Average Speed 50 | 50 50 50 50 Slowest Speed 50 | 50 50 50 50 Overloaded Moves . | . . . . Propulsion Burnouts . | . . . . Robots Hopped . | . . . . Potential Cave-ins . | . . . . Cave-ins Triggered . | . . . . Exploration Rate (%) 18 | 3 21 27 23 Regions Visited 3 Branch Regions . Pre-discovered Areas . | . . . . Known Exits Taken 2 | . 1 1 . Unknown Exits Taken 1 | 1 . . . Scrap Searched . | . . . . Spaces Dug 4 | . . . 4 Terrain Destroyed 42 | . 9 24 9 Melee . | . . . . Projectile . | . . . . AOE 42 | . 9 24 9 Terrain Rammed . | . . . . Walls Destroyed . | . . . . Machines Disabled . | . . . . Actions | -11 -10 -9 -8 --------- Run | Yrd Mat Mat Mat Total 436 | 18 88 156 174 Wait 3 | . . . 3 Move 411 | 18 85 149 159 Hop . | . . . . Pick Up . | . . . . Fast Attach 4 | . 1 3 . Attach . | . . . . Detach . | . . . . Swap . | . . . . Drop . | . . . . Fire 7 | . 1 4 2 Melee . | . . . . Ram 10 | . . . 10 Kick . | . . . . Crush . | . . . . Escape Stasis . | . . . . Rewire . | . . . . Trap . | . . . . Miscellaneous 1 | . 1 . . Route ------- -11/Scrapyard -10/Materials (discovered 4 exits: *Mat x3 / [*Sub]) -9/Materials (discovered 4 exits: *Mat x3 / [*Min]) -8/Materials (discovered 3 exits: Fac x3) History --------- Turn | Location | Event 3 | -11/Scrapyard | Discovered new exit (range 15) 11 | -11/Scrapyard | Entered Materials 12 | -10/Materials | Met a group of wandering Federalists 30 | -10/Materials | Upgraded with Weapon slot (x1) 41 | -10/Materials | Identified exit to Materials 47 | -10/Materials | Discovered new exit (range 9) 59 | -10/Materials | Entered another Materials area 61 | -9/Materials | Reached level 2 104 | -9/Materials | Identified exit to Materials 129 | -9/Materials | Discovered new exit (range 16) 147 | -9/Materials | Entered another Materials area 149 | -8/Materials | Reached level 3 153 | -8/Materials | Identified exit to Factory 164 | -8/Materials | Destroyed 7 combat bots 212 | -8/Materials | Core integrity fell below 50% 244 | -8/Materials | Self-destructed Last Messages --------------- 00174_ O-24 Administrator uses terminal to summon reinforcements. 00174_ ALERT: Hostiles spotted, dispatching reinforcements to Terminal M002. 00174_ O-24 Administrator locks terminal. 00194_ Penetrated by Slug. 00195_ Grenade Launcher destroyed. 00198_ Slammed into G-47 Trooper. 00210_ Slammed into U-05 Engineer. 00214_ O-16 Technician sends out distress signal. 00214_ O-16 Technician: "IFF HANDSHAKE FAILED. SECURING TERMINAL." 00216_ K-01 Serf collects debris. 00225_ Slammed into A-02 Transporter. 00225_ O-16 Technician uses terminal to summon reinforcements. 00225_ ALERT: Hostiles spotted, dispatching reinforcements to Terminal M006. 00225_ O-16 Technician locks terminal. 00226_ Slammed into A-02 Transporter. 00239_ K-01 Serf collects debris. 00240_ K-01 Serf cleans the Processing Tank. 00244_ Connecting with Scanalyzer... Map ----- +----------------------------------------------------+ | ???????????# # #????# ######## | | ???????????# !! # ###### """"""" # | | ???????????# ! + / """"""" / | | ???????????# # ###### """"""" # """ | | ???????????# """ # # # """"""" ### """ # | | ???????????# [ """ # # T # """"""" #?# """ # | | ???????????# """ # # # #?# # | | ???????????# # + ###########?# # | | ???????????######### # #???????????# """ # | | ???????????????????# # !#???????????# """ # | | ???????????????????# + #???????????# """ # | | ???????????????????##### ############# ## | | ???????????????????????# ! + ## #? | | ???????????????????????############### ## ##### #? | | ????????????????????????????????###### ## ????# #? | | ????????????????????????????????# ## #? ????# #? | | ????????????????????????????????# ## #? ????# #? | | ????????????????????????????????# ## ##+#####+## | | ????????????????????????????????# # # # | | ??????????????????????########### + + """"" # | | ??????????????????????# ## # # """"" # | | ??????????????????????#! """ ## # # """"" # | | ??????????????????????# """ ###/## # """"" # | | ??????????????????????#""" """ # # """"" # | | ??????????????????????#""" s /s + """"" # | | ??????????????????????#"S@ """ # # """"" # | | ??????????????????????#""" """ # """ # # | | ??????????????????????# "" """ # """ ########## | | ??????????????????????# # """ #???? | | ??????????????????????########## """ #???? | | ???????????????????????????????# """ #???? | | ???????????????????????????????# #???? | | ???????????????????????????????#" #???? | | ???????????????????????????????#" """ #???? | | ???????????????????????????????#" """ #???? | | ???????????????????????????????#T """ #???? | | ???????????????????????????????#" """ ##+####### | | ???????????????????????????????#" """ # # | | ???????????????????????????????#" # # | | ???????????????????????????????# # ![ # | | ???????????????????????????????# # ![ # | | ???????????????????????????########## # [[ # | | ???????????????????????????# # # # | | ?????????????????????????### """ # # # | | ?????????????????????????# """ + # # | | ?????????????????????????# """ # # # | | ?????????????????????????# # ########## | | ?????????????????????????# " """ # #????????? | | ?????????????????????????## " """ #####????????? | | ??????????????????????????## "" """ #????????????? | +----------------------------------------------------+ Best States ------------- Heat Dissipation 25 Energy Generation 5 Energy Capacity 100 Matter Stores 100 Matter Capacity 300 Sight Range 16 Terrain Scan Density 10 Evasion (%) 50 Offensive Hacking 30 Item Schematics ----------------- None Robot Schematics ------------------ None Fabricated ------------ Nothing Repaired ---------- Nothing Alien Tech Used ----------------- None Achievements -------------- None Challenges ------------ None RPGLIKE | -11 -10 -9 -8 --------- Run | Yrd Mat Mat Mat Levels Raised 2 | . . 1 1 XP Earned 7125 | 3000 185 2335 1605 XP Spent 4700 | . 2500 . 2200 Upgrades 7 | . 5 . 2 Weapon Slot 1 | . 1 . . Hack Attack % 6 | . 4 . 2 Protomatter Created 20 | . . 20 . Integrity Restored 4 | . 4 . . Core 4 | . 4 . . Protomatter Decayed . | . . . . Game ------ Seed MomentumSegregatorNetwork Manual? 0 Play Time 00:04:56 Cumulative 122.8 hours Start 2025.07.20 @ 12:50:48 End 2025.07.20 @ 12:54:15 Sessions 1 Manual Loads 0 Difficulty Rogue Special Mode Winter2019/RPGLIKE Game No. 45 Rogue 43 Adventurer 2 Explorer 0 Win Type - Total 10 Types 1/1/2/1/1/1/1/1/1/0 Lore% 38 Gallery% 63 Achievement% 62 Wizard Run 0 Options --------- Layout 0 ASCII 0 Keyboard 0 Movement Numpad Keybinds 1 Fullscreen 2 Font 24/Smallcaps Map View 76x50 Zoom Use 0% Tactical HUD 1 Map Filters NONE Filters NONE Steam 1 RUN: 50859c9c-5db9-4a73-b6ad-d5450118d90c